 Dungeon Crawl Stone Soup version 0.32-a0-17-gb74e046682 (webtiles) character file.

Game seed: 11370473068679294503

8108 Turgor the Arsonist (level 11, -4/88 HPs)
             Began as an Oni Fire Elementalist on Jan 10, 2024.
             Was an Initiate of Gozag.
             Slain by a troll (8 damage)
             ... on level 10 of the Dungeon on Jan 15, 2024.
             The game lasted 01:11:58 (11562 turns).

Turgor the Arsonist (Oni Fire Elementalist)        Turns: 11562, Time: 01:11:59

Health: -4/88      AC:  4    Str: 14    XL:     11   Next: 25%
Magic:  5/20       EV:  7    Int: 26    God:    Gozag
Gold:   1461       SH:  5    Dex: 12    Spells: 4/22 levels left

rFire   + . .        F - +4 dagger "Uffion" {pain, Will+ Dex+3}
rCold   x . .        (no shield)
rNeg    . . .        a - +0 robe
rPois   .            (helmet restricted)
rElec   .            z - +0 cloak
rCorr   .            (gloves unavailable)
SInv    .            (boots unavailable)
Will    ++...        c - amulet of reflection
Stlth   ++           t - +6 ring of intelligence
HPRegen 0.34/turn    o - ring of fire
MPRegen 0.17/turn

%: reflection
@: lethally poisoned (-4 -> -19), about to teleport, grasped by roots, gold
aura, very slightly contaminated, slowed, constricted, very slow
A: large, unfitting armour, horns 1, tough skin 1, double potion healing,
drunken brawling
a: Renounce Religion, Potion Petition, Call Merchant, Bribe Branch


You were on level 10 of the Dungeon.
You worshipped Gozag.
Gozag was most pleased with you.
You visited 2 branches of the dungeon, and saw 13 of its levels.
You also visited: Bailey.

You collected 1510 gold pieces.
You paid 49 gold pieces to Gozag.

Inventory:

Hand Weapons
 F - the +4 dagger "Uffion" (weapon) {pain, Will+ Dex+3}
   (You found it on level 5 of the Dungeon)

   Dex+3:     It affects your dexterity (+3).
   Will+:     It increases your willpower.
 S - a +4 mace of holy wrath
 U - a +0 broad axe
Missiles
 s - 18 poisoned darts (quivered)
 T - 22 boomerangs
Armour
 a - a +0 robe (worn)
 z - a +0 cloak (worn)
Magical Staves
 v - a staff of air
 A - a staff of earth
Jewellery
 c - an amulet of reflection (around neck)
 i - a +5 ring of evasion
 l - a ring of ice
 o - a ring of fire (right hand)
 t - a +6 ring of intelligence (left hand)
 C - a ring of resist corrosion
 E - a +6 ring of strength
 I - a ring of see invisible
 L - a ring of wizardry
 O - a ring of protection from fire
 P - a ring of protection from cold
 Q - a ring of flight
 Y - a +4 ring of protection
Talismans
 p - a beast talisman
Wands
 y - a wand of polymorph (13)
 B - a wand of paralysis (6)
 G - a wand of acid (4)
 M - a wand of roots (7)
 V - a wand of mindburst (7)
Scrolls
 e - 2 scrolls of teleportation
 h - a scroll of poison {unknown}
 j - a scroll of silence
 k - a scroll of acquirement {unknown}
 r - a scroll of brand weapon
 w - a scroll of immolation {unknown}
 x - 2 scrolls of enchant weapon {unknown}
 D - 2 scrolls of blinking
 K - a scroll of amnesia {unknown}
 W - a scroll of fear {unknown}
 X - a scroll of fog {unknown}
Potions
 b - 2 potions of magic
 d - 2 potions of ambrosia
 f - 3 potions of might
 g - 4 potions of enlightenment
 m - 2 potions of heal wounds
 n - a potion of berserk rage
 q - 7 potions of curing
 u - a potion of haste {unknown}
 H - a potion of degeneration {unknown}
 J - a potion of brilliance {unknown}
 N - a potion of attraction {unknown}
 R - a potion of invisibility {unknown}


   Skills:
 - Level 1.7 Dodging
 - Level 1.4 Stealth
 - Level 6.0 Spellcasting
 * Level 8.5 Conjurations
 - Level 6.0 Hexes
 - Level 6.0 Translocations
 * Level 9.4 Fire Magic


You had 4 spell levels left.
You knew the following spells:

 Your Spells              Type           Power      Damage    Failure   Level
a - Foxfire               Conj/Fire      100%       2x1d9     1%          1
b - Scorch                Fire           100%       2d9       1%          2
c - Volatile Blastmotes   Fire/Tloc      100%       2d18      1%          3
d - Inner Flame           Hex/Fire       64%        N/A       1%          3
e - Starburst             Conj/Fire      35%        6d10      26%         6
f - Dazzling Flash        Conj/Hex       90%        N/A       1%          3

Your spell library contained the following spells:

 Spells                   Type           Power      Damage    Failure   Level
 Sting                    Conj/Alch      100%       1d9       1%          1
 Lesser Beckoning         Tloc           78%        N/A       1%          2
 Gell's Gravitas          Tloc           39%        N/A       1%          3
 Teleport Other           Tloc           39%        N/A       1%          3
 Flame Wave               Conj/Fire      70%        2d16      1%          4
 Necrotise                Necr           28%        1d5       7%          1
 Mercury Vapours          Alch/Air       14%        N/A       11%         2
 Vampiric Draining        Necr           7%         2d6       21%         3
 Martyr's Knell           Necr/Summ      7%         N/A       56%         4
 Olgreb's Toxic Radiance  Alch           7%         N/A       56%         4
 Curse of Agony           Necr           7%         N/A       88%         5
 Maxwell's Capacitive Co  Air            3%         ∞         100%        8


Dungeon Overview and Level Annotations

Branches:
Dungeon (12/15)            Temple (1/1) D:5          Bailey (visited)
   Lair: D:8-11         Orc: D:9-12

Altars:
Ashenzari
Cheibriados
Dithmenos
Elyvilon
Fedhas
Gozag
Hepliaklqana
Kikubaaqudgha
Makhleb
Nemelex Xobeh
Okawaru
Qazlal
Ru
Sif Muna
Trog
Uskayaw
Vehumet
Xom
Zin
The Shining One

Shops:
D:4 *

Annotations:
D:10 Sonja


Innate Abilities, Weirdness & Mutations

You are too large for most types of armour.
You have a pair of small horns on your head.
You have tough skin. (AC +1)
You gain doubled healing and magic from potions.
Whenever you drink a healing potion, you attack all around you.


Message History

You are very lightly contaminated with residual magic.
Nothing appears to happen.
You block the troll's attack. The troll claws you.
* * * LOW HITPOINT WARNING * * *
The troll closely misses you.
Sonja, the Graceful Assassin comes into view.
She is wielding a +0 short sword of distortion, quivering curare-tipped darts and carrying a wand of roots.
As you read the scroll of teleportation, it crumbles to dust.
You feel strangely unstable.
Sonja throws a curare-tipped dart.
The curare-tipped dart hits you.
You are poisoned.
You have difficulty breathing.
* * * LOW HITPOINT WARNING * * *
You feel yourself slow down. The troll barely misses you. The troll claws you!
* * * LOW HITPOINT WARNING * * *
The troll closely misses you.
A killer bee comes into view.
Sonja throws a curare-tipped dart.
The curare-tipped dart hits you.
You are more poisoned.
You have difficulty breathing.
* * * LOW HITPOINT WARNING * * *
You feel as though you will be slow longer.
You take a swig of the potion and twirl the +4 dagger "Uffion" {pain, Will+ Dex+3}.
You closely miss the troll. You headbutt the troll.
The troll is moderately wounded.
You savour every drop.
You feel much better.
You feel extremely sick.
A centaur comes into view.
The troll bites you. The troll claws you! The troll closely misses you.
Sonja says, "If only old Madame Brzewit could see me now!"
Sonja zaps a wand.
The roots erupt in riotous growth!
The grasping roots grab you!
The killer bee is unaffected.
The troll is unaffected.
The grasping roots constrict you.
* * * LOW HITPOINT WARNING * * *
The killer bee stings you.
* * * LOW HITPOINT WARNING * * *
The troll bites you!
* * * LOW HITPOINT WARNING * * *
You block the troll's attack. The troll claws you!
You die...
Your body crumbles into a pile of gold.

.......
.......
......K
.......
.......
.......
####..$##
.......@#
.#.#..yT#
####c#
... #..
#.## #.#
#.#


You could see a troll (combustible), Sonja, a centaur and a killer bee.

Vanquished Creatures
  A boulder beetle (D:9)
  A two-headed ogre (D:12)
  An orc knight (Bailey)
  Jeremiah (D:7)
  The ghost of MrCrawl the Firebug, an amateur DrFE (D:6)
  11 yaks
  2 wraiths
  4 water moccasins
  5 ice beasts
  2 black bears
  5 orc warriors
  2 ogres
  A centaur (D:9)
  A phantom (D:5)
  7 bullfrogs
  11 wights
  3 killer bees (D:10)
  4 howler monkeys
  A spectral bullfrog (D:5)
  3 hounds
  2 bullfrog zombies (D:5)
  2 jellies
  2 orc priests
  A bombardier beetle (D:6)
  A spectral scorpion (D:5)
  A human zombie (D:10)
  5 iguanas
  5 sleepcaps
  7 orc wizards
  4 adders
  5 gnolls
  A shadow imp (D:6)
  A white imp (D:6)
  3 dart slugs (D:1)
  4 ribbon worms
  27 orcs
  5 ball pythons
  8 endoplasms
  2 giant cockroaches
  10 goblins
  6 hobgoblins
  4 jackals (D:5)
  8 bats
  A frilled lizard (D:2)
  14 kobolds
  5 rats (D:3)
201 creatures vanquished.

Vanquished Creatures (others)
  A butterfly (D:3)
  491 foxfires
492 creatures vanquished.

Grand Total: 693 creatures vanquished

Notes
Turn   | Place    | Note
-------+----------+-------------------------------------------
     0 | D:1      | Turgor the Oni Fire Elementalist began the quest for the
                  | Orb.
     0 | D:1      | Reached XP level 1. HP: 16/16 MP: 3/3
    60 | D:1      | Reached skill level 1 in Conjurations
   237 | D:1      | Reached XP level 2. HP: 24/24 MP: 2/5
   312 | D:1      | Reached skill level 3 in Fire Magic
   377 | D:1      | Learned a level 2 spell: Scorch
   761 | D:2      | Reached XP level 3. HP: 31/31 MP: 2/7
   958 | D:2      | Learned a level 3 spell: Volatile Blastmotes
  1104 | D:2      | Found a faded altar of an unknown god.
  1487 | D:3      | Identified the +2 mace of Gyxazid {antimagic, Str+3 Dex-5
                  | Stlth+}
  1824 | D:3      | Noticed a moth of wrath
  1830 | D:3      | Reached XP level 4. HP: 39/39 MP: 5/8
  1999 | D:3      | Reached skill level 1 in Translocations
  2003 | D:3      | Learned a level 3 spell: Inner Flame
  2267 | D:3      | Found a white marble altar of Elyvilon.
  2451 | D:3      | Found a bloodstained altar of Trog.
  2574 | D:4      | Found Meumam's Neck Hole.
  2586 | D:4      | Reached XP level 5. HP: 45/45 MP: 5/9
  2808 | D:4      | Noticed a black bear
  2834 | D:4      | Killed a black bear
  2835 | D:4      | Reached skill level 4 in Fire Magic
  2835 | D:4      | Reached XP level 6. HP: 53/53 MP: 4/11
  2962 | D:4      | Found a shadowy altar of Dithmenos.
  3558 | D:5      | Entered Level 5 of the Dungeon
  3562 | D:5      | Reached skill level 1 in Hexes
  3691 | D:5      | Found a staircase to the Ecumenical Temple.
  3700 | Temple   | Entered the Ecumenical Temple
  3707 | Temple   | Became a worshipper of Gozag Ym Sagoz the Greedy
  3769 | D:5      | Noticed an ice beast
  3777 | D:5      | Killed an ice beast
  3778 | D:5      | Reached XP level 7. HP: 59/59 MP: 7/13
  4098 | D:5      | Reached skill level 5 in Fire Magic
  4572 | D:5      | Reached XP level 8. HP: 67/67 MP: 10/14
  5377 | D:5      | Identified the +4 dagger "Uffion" {pain, Will+ Dex+3}
  5531 | D:5      | Learned a level 6 spell: Starburst
  5698 | D:6      | Reached skill level 5 in Spellcasting
  5763 | D:6      | Reached skill level 6 in Fire Magic
  5763 | D:6      | Reached XP level 9. HP: 52/74 MP: 3/16
  6132 | D:6      | Reached skill level 5 in Translocations
  6424 | D:6      | Found a runed translucent gate.
  6424 | D:6      | Found a runed translucent gate.
  6424 | D:6      | Found a runed translucent gate.
  6425 | D:6      | Noticed MrCrawl's ghost (amateur DrFE)
  6435 | D:6      | Killed MrCrawl's ghost
  6436 | D:6      | Reached skill level 5 in Conjurations
  6907 | D:7      | Noticed Jeremiah
  6926 | D:7      | Killed Jeremiah
  7130 | D:7      | Reached skill level 5 in Hexes
  7253 | D:7      | Found a flagged portal.
  7288 | Bailey   | Entered a bailey
  7330 | Bailey   | Reached XP level 10. HP: 81/81 MP: 12/19
  7417 | Bailey   | Reached skill level 7 in Fire Magic
  7546 | Bailey   | Noticed an orc knight
  7584 | Bailey   | Killed an orc knight
  9430 | D:8      | Reached skill level 8 in Fire Magic
  9655 | D:8      | Learned a level 3 spell: Dazzling Flash
 10139 | D:9      | Noticed a boulder beetle
 10389 | D:9      | Reached XP level 11. HP: 76/88 MP: 8/20
 10739 | D:9      | Killed a boulder beetle
 10740 | D:9      | Reached skill level 9 in Fire Magic
 10926 | D:10     | Entered Level 10 of the Dungeon
 11134 | D:10     | You fall into a shaft and drop 2 floors!
 11143 | D:12     | Noticed a two-headed ogre
 11157 | D:12     | Killed a two-headed ogre
 11340 | D:12     | Noticed a cyclops
 11556 | D:10     | Upgraded the game from 0.31-a0-1616-gbeaec30b81 to
                  | 0.32-a0-17-gb74e046682
 11560 | D:10     | Noticed Sonja
 11561 | D:10     | HP: 2/88 [asphyx]
 11562 | D:10     | Slain by a troll

Illustrated notes

Levels and vault maps discovered:
D:1:      dpeg_arrival_rooms_b, layout_rooms, serial_forest,
          infiniplex_forest_fountain, infiniplex_forest_fountain,
          infiniplex_forest_lined_corner, infiniplex_forest_clump_long,
          chequers_serial_rivers_room_b
D:2:      layout_loops_ring, ebering_ecumenical_altar_abandoned
D:3:      layout_basic, nicolae_elyvilon_peaceful_grove, tgw_trog
D:4:      layout_cave_pods, grunt_dithmenos_smoke_and_mirrors,
          nicolae_shop_sticking_my_neck_out
D:5:      layout_loops_corners, minmay_temple_entry_stoned_glass,
          hangedman_abyss_or_decor_jellyfish_corner, dilly_guarded_unrand_morg
D:6:      minmay_evil_eye, layout_basic, ebering_ghost_rock_garden,
          nicolae_nh_ransacked_shop
D:7:      layout_rooms, enter_bailey_3, uniq_jeremiah
D:8:      layout_loops_ring, wad_floor_pattern_2, dreamdust_princess_corridor
D:9:      layout_loops_ring
D:10:     layout_basic, nicolae_overflow_crystal_walls, dk_yredelemnul_ordeal,
          orc_0_dummy, ploomutoo_gammafunk_ghost_potion_laboratory, uniq_sonja
D:11:     minmay_separated_statues, layout_basic, erik_lair_dragon,
          gauntlet_entry_generic
D:12:     layout_irregular_city, okawaru_altar_gauntlet_db
Temple:   sentei_temple_godly_chess

Skill      XL: |  1  2  3  4  5  6  7  8  9 10 11 |
---------------+----------------------------------+-----
Conjurations   | 1 2 3 4 5 7 8 |  8.5
Fire Magic     | 3 4 5 6 8 9 |  9.4
Spellcasting   | 3 4 5 6 |  6.0
Translocations | 1 2 3 4 5 6 |  6.0
Hexes          | 1 2 3 5 6 |  6.0
Dodging        | |  1.7
Stealth        | |  1.4

Action                     |  1- 3 |  4- 6 |  7- 9 | 10-12 || total
---------------------------+-------+-------+-------+-------++-------
  Melee: Dagger            |     5 |     3 |    14 |    22 ||    44
         Headbutt          |       |     1 |     7 |     5 ||    13
  Throw: Dart              |       |       |       |    15 ||    15
   Cast: Foxfire           |    46 |    51 |    89 |    97 ||   283
         Inner Flame       |       |     2 |       |     4 ||     6
         Volatile Blastmot |       |     3 |    25 |    35 ||    63
         Scorch            |       |     2 |    53 |    46 ||   101
         Dazzling Flash    |       |       |       |     3 ||     3
         Starburst         |       |       |       |     1 ||     1
  Evoke: Wand              |       |       |     1 |    10 ||    11
    Use: Scroll            |     2 |     3 |     5 |     4 ||    14
         Potion            |       |       |       |     2 ||     2
   Stab: Invisible         |       |       |       |     2 ||     2
 Armour: Robe              |     8 |     4 |    35 |    58 ||   105
  Dodge: Dodged            |     5 |     1 |    20 |    21 ||    47
  Block: Other             |       |       |     9 |    17 ||    26
         Reflection        |       |       |     1 |     4 ||     5

Table legend: (Time is in decaauts)
 A = Elapsed time spent in this place.
 B = Non-inter-level travel time spent in this place.
 C = Inter-level travel time spent in this place.
 D = Time resting spent in this place.
 E = Time spent auto-exploring this place.
 F = Levels seen in this place.
 G = Mean time per level.
                   A        B        C        D        E       F      G
               +--------+--------+--------+--------+--------+-----+--------+
         Total |  11576 |  11288 |    288 |    638 |   7968 |  14 |  826.9 |
       Dungeon |  10753 |  10465 |    288 |    520 |   7662 |  12 |  896.1 |
        Temple |     10 |     10 |      0 |      0 |      0 |   1 |   10.0 |
        Bailey |    812 |    812 |      0 |    118 |    306 |   1 |  812.0 |
               +--------+--------+--------+--------+--------+-----+--------+

Top non-repeatable levels by time:
     D:5: 1969 daAuts
     D:8: 1354 daAuts
     D:6: 1320 daAuts
     D:9: 1078 daAuts
     D:3: 1065 daAuts
     D:4: 1044 daAuts
     D:7: 839 daAuts
  Bailey: 812 daAuts
     D:1: 739 daAuts
     D:2: 706 daAuts
    D:12: 410 daAuts
    D:10: 216 daAuts
  Temple: 10 daAuts
    D:11: 7 daAuts
